| TOP OF THE 1ST |
|
Louisville Bats batting - Pitching for New Orleans Zephyrs : RHP Nick Newmaster
|
|
Pitching: RHP Nick Newmaster
|
|
|
Batting: RHB Takanibu Kaneshiro
|
0-0: Called Strike 0-1: Foul Ball, location: 2F 0-2: Strikes out swinging
|
|
Batting: SHB Freddie Farrar
|
0-0: Ball 1-0: Swinging Strike 1-1: Ball 2-1: Swinging Strike 2-2: Foul Ball, location: 2F 2-2: Foul Ball, location: 2F 2-2: Foul Ball, location: 2F 2-2: Strikes out looking
|
|
Batting: RHB Won-jun Park
|
0-0: Called Strike 0-1: Swinging Strike 0-2: Foul Ball, location: 2F 0-2: Ball 1-2: Foul Ball, location: 2F 1-2: Strikes out swinging
|
| Top of the 1st over - 0 runs, 0 hits, 0 errors, 0 left on base; Louisville 0 - New Orleans 0 |
| BOTTOM OF THE 1ST |
|
New Orleans Zephyrs batting - Pitching for Louisville Bats : LHP Edwin Pacheco
|
|
Pitching: LHP Edwin Pacheco
|
|
|
Batting: RHB Rafael Irizarry
|
0-0: Foul Ball, location: 2F 0-1: Foul Ball, location: 2F 0-2: Strikes out swinging
|
|
Batting: RHB Harrie de Kam
|
0-0: Called Strike 0-1: Foul Ball, location: 2F 0-2: Foul Ball, location: 2F 0-2: Ball 1-2: Ball 2-2: Foul Ball, location: 2F 2-2: Foul Ball, location: 2F 2-2: Strikes out looking
|
|
Batting: RHB Manuel Taveras
|
0-0: Ball 1-0: SINGLE (Groundball, 6D, EV 104.4 MPH)
|
|
Batting: RHB Adam McGurn
|
Pickoff Throw to First - Out! 1-3
|
| Bottom of the 1st over - 0 runs, 1 hit, 0 errors, 0 left on base; Louisville 0 - New Orleans 0 |
| TOP OF THE 2ND |
|
Louisville Bats batting - Pitching for New Orleans Zephyrs : RHP Nick Newmaster
|
|
Batting: LHB Jared Paige
|
0-0: Called Strike 0-1: Ball 1-1: Swinging Strike 1-2: Strikes out swinging
|
|
Batting: LHB Leo Gomez
|
0-0: Ball 1-0: Called Strike 1-1: Called Strike 1-2: Ball 2-2: Foul Ball, location: 2F 2-2: Ball 3-2: Fly out, F9 (Flyball, 9LSF, EV 89.4 MPH)
|
|
Batting: SHB Paul Sandoval
|
0-0: Ball 1-0: Fly out, F5 (Popup, 25, EV 89.4 MPH)
|
| Top of the 2nd over - 0 runs, 0 hits, 0 errors, 0 left on base; Louisville 0 - New Orleans 0 |
| BOTTOM OF THE 2ND |
|
New Orleans Zephyrs batting - Pitching for Louisville Bats : LHP Edwin Pacheco
|
|
Batting: RHB Adam McGurn
|
0-0: Ball 1-0: Foul Ball, location: 2F 1-1: Foul Ball, location: 2F 1-2: Strikes out swinging
|
|
Batting: RHB Isaiah Brockman
|
0-0: Hit by Pitch
|
|
Batting: RHB Rick Fell
|
0-0: Called Strike 0-1: Ball 1-1: Swinging Strike 1-2: Strikes out looking
|
|
Batting: RHB Orlando Landa
|
0-0: Called Strike 0-1: Swinging Strike 0-2: Strikes out swinging
|
| Bottom of the 2nd over - 0 runs, 0 hits, 0 errors, 1 left on base; Louisville 0 - New Orleans 0 |
| TOP OF THE 3RD |
|
Louisville Bats batting - Pitching for New Orleans Zephyrs : RHP Nick Newmaster
|
|
Batting: RHB Danny Real
|
0-0: Called Strike 0-1: Foul Ball, location: 2F 0-2: Strikes out swinging
|
|
Batting: RHB Steve Bauman
|
0-0: Called Strike 0-1: Ball 1-1: Swinging Strike 1-2: Ball 2-2: Fly out, F9 (Flyball, 9, EV 93.1 MPH)
|
|
Batting: SHB Tim Utz
|
0-0: Swinging Strike 0-1: Swinging Strike 0-2: Foul Ball, location: 2F 0-2: Foul Ball, location: 2F 0-2: Strikes out swinging
|
| Top of the 3rd over - 0 runs, 0 hits, 0 errors, 0 left on base; Louisville 0 - New Orleans 0 |
| BOTTOM OF THE 3RD |
|
New Orleans Zephyrs batting - Pitching for Louisville Bats : LHP Edwin Pacheco
|
|
Batting: RHB Masumitsu Sugiura
|
0-0: Called Strike 0-1: Ball 1-1: Swinging Strike 1-2: Ball 2-2: Foul Ball, location: 2F 2-2: Foul Ball, location: 2F 2-2: Foul Ball, location: 2F 2-2: Strikes out looking
|
|
Batting: LHB Eric Bailey
|
0-0: Ball 1-0: Ball 2-0: Swinging Strike 2-1: Ball 3-1: Foul Ball, location: 2F 3-2: Ground out U3 (Groundball, 34, EV 86.9 MPH)
|
|
Batting: RHB Rafael Irizarry
|
0-0: Foul Ball, location: 2F 0-1: Ground out 6-3 (Groundball, 6, EV 86.2 MPH)
|
| Bottom of the 3rd over - 0 runs, 0 hits, 0 errors, 0 left on base; Louisville 0 - New Orleans 0 |
| TOP OF THE 4TH |
|
Louisville Bats batting - Pitching for New Orleans Zephyrs : RHP Nick Newmaster
|
|
Batting: RHB Takanibu Kaneshiro
|
0-0: Ball 1-0: SOLO HOME RUN (Flyball, 78XD, EV 112.5 MPH), Distance : 422 ft
|
|
Batting: SHB Freddie Farrar
|
0-0: Called Strike 0-1: Called Strike 0-2: Ball 1-2: Foul Ball, location: 2F 1-2: DOUBLE (Groundball, 5L, EV 96.2 MPH)
|
|
Batting: RHB Won-jun Park
|
0-0: Foul Ball, location: 2F 0-1: Ball 1-1: Swinging Strike 1-2: Strikes out looking
|
|
Batting: LHB Jared Paige
|
0-0: Called Strike 0-1: Foul Ball, location: 2F 0-2: Foul Ball, location: 2F 0-2: 2-RUN HOME RUN (Flyball, 89XD, EV 116.2 MPH), Distance : 454 ft
|
|
Batting: LHB Leo Gomez
|
0-0: Ball 1-0: Foul Ball, location: 2F 1-1: Fly out, F3 (Line Drive, 34, EV 63.1 MPH)
|
|
Batting: SHB Paul Sandoval
|
0-0: Called Strike 0-1: Ball 1-1: SINGLE (Groundball, 56, EV 102.5 MPH) (infield hit)
|
|
Batting: RHB Danny Real
|
0-0: Ball Paul Sandoval is caught stealing 2nd base 2-4
|
| Top of the 4th over - 3 runs, 4 hits, 0 errors, 0 left on base; Louisville 3 - New Orleans 0 |
| BOTTOM OF THE 4TH |
|
New Orleans Zephyrs batting - Pitching for Louisville Bats : LHP Edwin Pacheco
|
|
Batting: RHB Harrie de Kam
|
0-0: Foul Ball, location: 2F 0-1: Ball 1-1: SINGLE (Flyball, 8LS, EV 95.0 MPH)
|
|
Batting: RHB Manuel Taveras
|
0-0: Ball 1-0: Fly out, F8 (Flyball, 8LM, EV 80.6 MPH)
|
|
Batting: RHB Adam McGurn
|
0-0: Called Strike 0-1: Ball Harrie de Kam steals 2nd, throwing error, E2 Harrie de Kam to third 1-1: Foul Ball, location: 2F 1-2: Ball 2-2: Foul Ball, location: 2F 2-2: Ball Wild Pitch! Harrie de Kam scores 3-2: Fly out, F9 (Flyball, 9S, EV 94.4 MPH)
|
|
Batting: RHB Isaiah Brockman
|
0-0: Ball 1-0: Ball 2-0: DOUBLE (Line Drive, 8LXD, EV 105.6 MPH)
|
|
Batting: RHB Rick Fell
|
0-0: Ball 1-0: Foul Ball, location: 2F 1-1: Ball 2-1: Foul Ball, location: 2F 2-2: SINGLE (Groundball, 56D, EV 103.1 MPH) Isaiah Brockman to third
|
|
Batting: RHB Orlando Landa
|
0-0: Called Strike 0-1: Foul Ball, location: 2F 0-2: Ball 1-2: Strikes out looking
|
| Bottom of the 4th over - 1 run, 3 hits, 1 error, 2 left on base; Louisville 3 - New Orleans 1 |
| TOP OF THE 5TH |
|
Louisville Bats batting - Pitching for New Orleans Zephyrs : RHP Nick Newmaster
|
|
Batting: RHB Danny Real
|
0-0: Ground out 6-3 (Groundball, 56D, EV 103.1 MPH)
|
|
Batting: RHB Steve Bauman
|
0-0: Called Strike 0-1: SINGLE (Line Drive, 8RS, EV 103.8 MPH)
|
|
Batting: SHB Tim Utz
|
0-0: Called Strike 0-1: Grounds into double play, 4-6-3 (Groundball, 4, EV 101.2 MPH)
|
| Top of the 5th over - 0 runs, 1 hit, 0 errors, 0 left on base; Louisville 3 - New Orleans 1 |
| BOTTOM OF THE 5TH |
|
New Orleans Zephyrs batting - Pitching for Louisville Bats : LHP Edwin Pacheco
|
|
Batting: RHB Masumitsu Sugiura
|
0-0: Called Strike 0-1: Ball 1-1: Foul Ball, location: 2F 1-2: Strikes out swinging
|
|
Batting: LHB Eric Bailey
|
0-0: Fly out, F8 (Flyball, 8RD, EV 100.0 MPH)
|
|
Batting: RHB Rafael Irizarry
|
0-0: TRIPLE (Flyball, 89XD, EV 91.9 MPH)
|
|
Batting: RHB Harrie de Kam
|
0-0: Ball 1-0: Ball 2-0: Called Strike 2-1: Ground out U3 (Groundball, 3, EV 104.4 MPH)
|
| Bottom of the 5th over - 0 runs, 1 hit, 0 errors, 1 left on base; Louisville 3 - New Orleans 1 |
| TOP OF THE 6TH |
|
Louisville Bats batting - Pitching for New Orleans Zephyrs : RHP Nick Newmaster
|
|
Batting: RHB Takanibu Kaneshiro
|
0-0: Ball 1-0: Foul Ball, location: 2F 1-1: Called Strike 1-2: Ball 2-2: Strikes out looking
|
|
Batting: SHB Freddie Farrar
|
0-0: Fly out, F8 (Line Drive, 78M, EV 94.4 MPH)
|
|
Batting: RHB Won-jun Park
|
0-0: Ball 1-0: Called Strike 1-1: Ball 2-1: Foul Ball, location: 2F 2-2: Foul Ball, location: 2F 2-2: Ground out 5-3 (Groundball, 56, EV 89.4 MPH)
|
| Top of the 6th over - 0 runs, 0 hits, 0 errors, 0 left on base; Louisville 3 - New Orleans 1 |
| BOTTOM OF THE 6TH |
|
New Orleans Zephyrs batting - Pitching for Louisville Bats : LHP Edwin Pacheco
|
|
Batting: RHB Manuel Taveras
|
0-0: Foul Ball, location: 2F 0-1: Ground out U3 (Groundball, 3, EV 87.5 MPH)
|
|
Batting: RHB Adam McGurn
|
0-0: DOUBLE (Line Drive, 3D, EV 104.4 MPH)
|
|
Batting: RHB Isaiah Brockman
|
0-0: Swinging Strike 0-1: Ball 1-1: Ball 2-1: Ball 3-1: Base on Balls
|
|
Batting: RHB Rick Fell
|
0-0: Grounds into double play, 6-4-3 (Groundball, 6, EV 100.0 MPH)
|
| Bottom of the 6th over - 0 runs, 1 hit, 0 errors, 1 left on base; Louisville 3 - New Orleans 1 |
| TOP OF THE 7TH |
|
Louisville Bats batting - Pitching for New Orleans Zephyrs : RHP Nick Newmaster
|
|
Batting: LHB Jared Paige
|
0-0: Ball 1-0: Foul Ball, location: 2F 1-1: Swinging Strike 1-2: Ball 2-2: Foul Ball, location: 2F 2-2: Strikes out swinging
|
|
Batting: LHB Leo Gomez
|
0-0: Ball 1-0: Reaches on Catchers interference
|
|
Batting: SHB Paul Sandoval
|
0-0: Ball Wild Pitch! Leo Gomez to second 1-0: SINGLE (Groundball, 34D, EV 98.1 MPH) Leo Gomez to third Runner from 3rd tries for Home, SAFE, throw by RF to home
|
|
Batting: RHB Danny Real
|
0-0: Ball 1-0: Called Strike 1-1: Called Strike 1-2: Ball Paul Sandoval is caught stealing 2nd base 2-4 2-2: Foul Ball, location: 2F 2-2: SOLO HOME RUN (Flyball, 7D, EV 103.1 MPH), Distance : 394 ft
|
|
Batting: RHB Steve Bauman
|
0-0: Ball 1-0: Foul Ball, location: 2F 1-1: Ball 2-1: Fly out, F6 (Flyball, 56D, EV 80.6 MPH)
|
| Top of the 7th over - 2 runs, 2 hits, 1 error, 0 left on base; Louisville 5 - New Orleans 1 |
| BOTTOM OF THE 7TH |
|
New Orleans Zephyrs batting - Pitching for Louisville Bats : LHP Edwin Pacheco
|
|
Batting: RHB Orlando Landa
|
0-0: Ball 1-0: Ball 2-0: Ball 3-0: Swinging Strike 3-1: Ground out 5-3 (Groundball, 5, EV 84.4 MPH)
|
|
Batting: RHB Masumitsu Sugiura
|
0-0: SINGLE (Groundball, 4M, EV 102.5 MPH) (infield hit)
|
|
Batting: LHB Eric Bailey
|
0-0: Swinging Strike 0-1: Foul Ball, location: 2F 0-2: Ball 1-2: Foul Ball, location: 2F 1-2: Strikes out swinging
|
|
Pitching: RHP Tim Beck
|
|
|
Batting: RHB Rafael Irizarry
|
0-0: Swinging Strike 0-1: Ball 1-1: Ball 2-1: Fly out, F8 (Flyball, 89S, EV 86.2 MPH)
|
| Bottom of the 7th over - 0 runs, 1 hit, 0 errors, 1 left on base; Louisville 5 - New Orleans 1 |
| TOP OF THE 8TH |
|
Louisville Bats batting - Pitching for New Orleans Zephyrs : RHP Nick Newmaster
|
|
Pitching: RHP Giampaolo Nobile
|
|
|
Batting: SHB Tim Utz
|
0-0: Fly out, F7 (Flyball, 7, EV 76.2 MPH)
|
|
Batting: RHB Takanibu Kaneshiro
|
0-0: Swinging Strike 0-1: SINGLE (Groundball, 4MD, EV 97.5 MPH)
|
|
Batting: SHB Freddie Farrar
|
0-0: Called Strike 0-1: Ball 1-1: Called Strike 1-2: Foul Ball, location: 2F 1-2: Foul Ball, location: 2F 1-2: Fielders Choice at 2nd, 1-6 (Groundball, 34S, EV 70.6 MPH)
|
|
Batting: RHB Won-jun Park
|
0-0: Ball 1-0: Foul Ball, location: 2F 1-1: Foul Ball, location: 2F 1-2: Ground out 4-3 (Groundball, 34, EV 86.9 MPH)
|
| Top of the 8th over - 0 runs, 1 hit, 0 errors, 1 left on base; Louisville 5 - New Orleans 1 |
| BOTTOM OF THE 8TH |
|
New Orleans Zephyrs batting - Pitching for Louisville Bats : RHP Tim Beck
|
|
Batting: RHB Harrie de Kam
|
0-0: Ball 1-0: Ground out U3 (Groundball, 34S, EV 81.2 MPH)
|
|
Batting: RHB Manuel Taveras
|
0-0: Ground out 4-3 (Groundball, 13, EV 86.2 MPH)
|
|
Batting: RHB Adam McGurn
|
0-0: Ball 1-0: Called Strike 1-1: Foul Ball, location: 2F 1-2: Ball 2-2: Foul Ball, location: 2F 2-2: Ball 3-2: Foul Ball, location: 2F 3-2: Base on Balls
|
|
Batting: RHB Isaiah Brockman
|
0-0: Called Strike 0-1: Ball 1-1: Ball 2-1: Swinging Strike 2-2: Foul Ball, location: 2F 2-2: Ball 3-2: Strikes out swinging
|
| Bottom of the 8th over - 0 runs, 0 hits, 0 errors, 1 left on base; Louisville 5 - New Orleans 1 |
| TOP OF THE 9TH |
|
Louisville Bats batting - Pitching for New Orleans Zephyrs : RHP Giampaolo Nobile
|
|
Batting: LHB Jared Paige
|
0-0: Foul Ball, location: 2F 0-1: Swinging Strike 0-2: Ball 1-2: Strikes out swinging
|
|
Batting: LHB Leo Gomez
|
0-0: Foul Ball, location: 2F 0-1: Called Strike 0-2: Strikes out swinging
|
|
Batting: SHB Paul Sandoval
|
0-0: Foul Ball, location: 2F 0-1: Swinging Strike 0-2: Strikes out swinging
|
| Top of the 9th over - 0 runs, 0 hits, 0 errors, 0 left on base; Louisville 5 - New Orleans 1 |
| BOTTOM OF THE 9TH |
|
New Orleans Zephyrs batting - Pitching for Louisville Bats : RHP Tim Beck
|
|
Pitching: RHP Ken Armstrong
|
|
|
Batting: RHB Rick Fell
|
0-0: SINGLE (Groundball, 4MD, EV 95.6 MPH)
|
|
Batting: RHB Orlando Landa
|
0-0: Foul Ball, location: 2F 0-1: Reached on error, E4 (Groundball, 4, EV 82.5 MPH) Rick Fell to second
|
|
Pitching: RHP Giovonni Morgia
|
|
|
Pinch Hitting: SHB Ramon Martinez
|
0-0: Called Strike 0-1: Called Strike 0-2: Foul Ball, location: 2F 0-2: Strikes out swinging
|
|
Batting: LHB Eric Bailey
|
0-0: Ball 1-0: Ball 2-0: Foul Ball, location: 2F 2-1: Ball 3-1: Called Strike 3-2: Foul Ball, location: 2F 3-2: Foul Ball, location: 2F 3-2: Strikes out swinging
|
|
Pinch Hitting: LHB David Doge
|
0-0: Ground out 3-1 (Groundball, 34, EV 84.4 MPH)
|
| Bottom of the 9th over - 0 runs, 1 hit, 1 error, 2 left on base; Louisville 5 - New Orleans 1 |
|